 Dungeon Crawl Stone Soup version 0.30.1-4-g462c640d31 (webtiles) character file.

Game seed: 11672401946272373247

109 lonewolfV2 the Trooper (level 4, -6/35 HPs)
             Began as a Demonspawn Fighter on Aug 25, 2023.
             Killed from afar by Grinder (9 damage)
             ... with a puff of flame
             ... on level 4 of the Dungeon.
             The game lasted 00:02:38 (2558 turns).

lonewolfV2 the Trooper (Demonspawn Fighter)         Turns: 2558, Time: 00:02:38

Health: -6/35      AC:  6    Str: 18    XL:     4   Next: 59%
Magic:  4/4        EV:  9    Int: 15    God:
Gold:   120        SH:  4    Dex: 13    Spells: 3/3 levels left

rFire   x . .        a - +0 war axe
rCold   + . .        c - +0 buckler
rNeg    . . .        b - +0 scale mail
rPois   .            (no helmet)
rElec   .            (no cloak)
rCorr   .            (no gloves)
SInv    .            (no boots)
Will    .....        (no amulet) Stlth
                     f - ring of ice
HPRegen 0.25/turn    k - +6 ring of intelligence
MPRegen 0.09/turn

%: no passive effects
@: no status effects
A: hooves 1, demonic magic 2
a: no special abilities


You were on level 4 of the Dungeon.
You visited 1 branch of the dungeon, and saw 4 of its levels.

You collected 120 gold pieces.

Inventory:

Hand Weapons
 a - a +0 war axe (weapon)
Armour
 b - a +0 scale mail (worn)
 c - a +0 buckler (worn)
Jewellery
 f - a ring of ice (left hand)
 k - a +6 ring of intelligence (right hand)
 r - a ring of poison resistance
 v - a ring of protection from cold
Wands
 m - a wand of mindburst (15)
 n - a wand of charming (9)
 s - a wand of flame (15)
Scrolls
 h - a scroll of amnesia
 i - 2 scrolls of magic mapping
 j - a scroll of vulnerability
 q - a scroll of enchant weapon {unknown}
 t - 2 scrolls of identify {unknown}
 u - 2 scrolls of teleportation
Potions
 d - a potion of might
 e - 4 potions of curing {unknown}
 g - 3 potions of attraction {unknown}
 l - a potion of degeneration {unknown}
 o - a potion of heal wounds {unknown}
 p - a potion of mutation {unknown}


   Skills:
 + Level 3.3 Fighting
 + Level 3.2 Axes
 + Level 3.2 Armour
 + Level 1.0 Dodging
 + Level 3.1 Shields


You had 3 spell levels left.
You didn't know any spells.
Your spell library contained the following spells:

 Spells                   Type           Power      Damage    Failure   Level
 Magic Dart               Conj           0%         1d3       71%         1
 Sandblast                Erth           0%         2d4       71%         1
 Call Imp                 Summ           0%         N/A       85%         2
 Passwall                 Tmut/Erth      0%         N/A       85%         2
 Mephitic Cloud           Conj/Pois/Air  0%         N/A       97%         3
 Portal Projectile        Hex/Tloc       0%         N/A       97%         3
 Stone Arrow              Conj/Erth      0%         3d7       97%         3
 Tukima's Dance           Hex            0%         N/A       97%         3
 Blade Hands              Tmut           0%         N/A       100%        5


Dungeon Overview and Level Annotations

Branches:
Dungeon (4/15)
 Temple: D:4-7

Altars:
Okawaru
Sif Muna

Shops:
D:1 (   D:2 ?

Annotations:
D:3 2 transporters, Xolotl's ghost, weakling DsDe
D:4 Grinder


Innate Abilities, Weirdness & Mutations

You have large cloven feet.
Spells you cast may paralyse nearby enemies.


Message History

15 stones; a kobold corpse; a goblin corpse Partly explored, unvisited transporter.
Partly explored, unvisited transporter.
Partly explored, unvisited transporter.
Partly explored, unvisited transporter.
Partly explored, unvisited transporter.
There is a stone staircase leading down here.
You climb downwards.
The ball python hisses angrily.
There is a stone staircase leading up here.
Grinder gestures at you. Pain shoots through your body!
You hit Grinder but do no damage. You kick Grinder.
Grinder is lightly wounded.
Grinder zaps a wand.
The puff of flame hits you. The fire burns you terribly!
You hit Grinder but do no damage. You hit the ball python.
The ball python bites you but does no damage.
The ball python closely misses you. Grinder gestures at you.
Pain shoots through your body! The ball python misses you.
The ball python closely misses you.
Grinder blinks!
The ball python misses you. You block the ball python's attack.
The ball python bites you. The ball python grabs you.
The ball python constricts you.
You escape the ball python's grasp.
You hit the ball python.
The ball python is severely wounded.
The ball python closely misses you. The ball python grabs you.
The ball python constricts you.
You hit the ball python.
You kill the ball python!
Grinder zaps a wand.
The puff of flame hits you! The fire burns you terribly!
* * * LOW HITPOINT WARNING * * *
Grinder zaps a wand.
The puff of flame hits you. The fire burns you terribly!
* * * LOW HITPOINT WARNING * * *
Grinder gestures at you. Pain shoots through your body!
* * * LOW HITPOINT WARNING * * *
Grinder zaps a wand.
The puff of flame hits you! The fire burns you terribly!
You die...

### ..# #.###
....# # #.#.#
##..####.#.#
.......<.#.####
#######@......#
#.##5##.#
#.##.# #.....
#..#.## #..#.#
#..... ##.##.


You could see Grinder.

Vanquished Creatures
  A hound (D:3)
  A gnoll (D:3)
  2 adders (D:3)
  3 worms
  3 dart slugs (D:1)
  2 orcs (D:3)
  4 endoplasms
  A giant cockroach (D:1)
  4 goblins
  A hobgoblin (D:2)
  4 kobolds
  A quokka (D:2)
  2 ball pythons
  4 bats
  2 frilled lizards
  4 rats
39 creatures vanquished.

Notes
Turn   | Place    | Note
-------+----------+-------------------------------------------
     0 | D:1      | lonewolfV2 the Demonspawn Fighter began the quest for the
                  | Orb.
     0 | D:1      | Reached XP level 1. HP: 18/18 MP: 1/1
   210 | D:1      | Found Uteruib's Weapon Shoppe.
   267 | D:1      | Gained mutation: Spells you cast may paralyse adjacent
                  | enemies. [demonic ancestry]
   267 | D:1      | Reached XP level 2. HP: 24/24 MP: 2/2
   592 | D:1      | Found a faded altar of an unknown god.
   880 | D:2      | Found a shimmering blue altar of Sif Muna.
  1019 | D:2      | Found Intirghua's Magic Scroll Shoppe.
  1098 | D:2      | Gained mutation: You have large cloven feet. [demonic
                  | ancestry]
  1098 | D:2      | Reached XP level 3. HP: 27/29 MP: 3/3
  1612 | D:3      | Found a transporter.
  1938 | D:3      | Gained mutation: Spells you cast may paralyse nearby
                  | enemies. [demonic ancestry]
  1938 | D:3      | Reached XP level 4. HP: 22/35 MP: 4/4
  2072 | D:3      | Found a transporter.
  2178 | D:3      | Noticed Xolotl's ghost (weakling DsDe)
  2398 | D:3      | Found an iron altar of Okawaru.
  2403 | D:3      | Reached skill level 1 in Dodging
  2545 | D:4      | Noticed Grinder
  2558 | D:4      | Killed from afar by Grinder

Illustrated notes

Levels and vault maps discovered:
D:1:      dpeg_arrival_radiant, layout_basic, hellmonk_ecumenical_altar_run_dry,
          serial_shops, nicolae_shop_bloodbath_and_beyond
D:2:      cheibrodos_old_hovel, layout_loops_cross, serial_shops,
          nicolae_shop_tiny_glass, basic_altar, minmay_tromino_v4_c
D:3:      layout_basic, okawaru_altar_gauntlet_db, gammafunk_ghost_stat_death
D:4:      layout_loops_cross, minmay_temple_entry_offerings,
          minmay_fountain_box, uniq_ijyb, uniq_duvessa, uniq_grinder

Skill      XL: |  1  2  3  4 |
---------------+-------------+-----
Shields        | 3 |  3.1
Armour         | 3 |  3.2
Axes           | 2 3 |  3.2
Dodging        | 1 |  1.0
Fighting       | |  3.3

Action                     |  1- 3 |  4- 6 || total
---------------------------+-------+-------++-------
  Melee: War axe           |    95 |    27 ||   122
         Kick              |    10 |     7 ||    17
    Use: Scroll            |     7 |       ||     7
 Armour: Scale mail        |    36 |    16 ||    52
  Dodge: Dodged            |    33 |    16 ||    49
  Block: Buckler           |    20 |     4 ||    24
